 Dungeon Crawl Stone Soup version 0.20-a0-785-g17250f0 (webtiles) character file.

23647 nono the Protected (level 13, -12/73 HPs)
             Began as a Vine Stalker Hunter on Feb 27, 2017.
             Was an Elder of Makhleb.
             Mangled by a naga warrior
             ... wielding a +0 trident
              (13 damage)
             ... on level 1 of the Snake Pit.
             The game lasted 00:39:49 (6673 turns).

nono the Protected (Vine Stalker Hunter)            Turns: 6673, Time: 00:39:50

Health: -12/73     AC: 22    Str: 20    XL:     13   Next: 8%
Magic:  0/19       EV:  7    Int: 11    God:    Makhleb [****..]
Gold:   585        SH: 12    Dex: 24    Spells: 12/12 levels left

rFire    + + .     SeeInvis .   y - +1 short sword "Eviscerator" {elec, rElec rN+ Dex+9} (curse)
rCold    + . .     Gourm    .   b - +0 plate armour {rF+}
rNeg     + . .     Faith    .   x - +0 shield
rPois    +         Spirit   +   m - +2 helmet
rElec    +         Reflect  .   e - +2 cloak
rCorr    .         Harm     .   (no gloves)
MR       +....                  (no boots)
Stlth    ..........             (no amulet)
Regen    1.1/turn               N - ring of wizardry
MPRegen  0.2/turn               g - ring of protection from fire

@: very slightly contaminated, hasted, invisible, very quick
A: fangs 3, cold resistance 1, poison resistance, regeneration 2, robust 1,
magic shield, antimagic bite, no potion heal 3, rot immunity, sturdy frame 1
a: Minor Destruction, Lesser Servant of Makhleb, Major Destruction, Renounce
Religion


You were on level 1 of the Snake Pit.
You worshipped Makhleb.
Makhleb was greatly pleased with you.
You were near starving.

You visited 4 branches of the dungeon, and saw 17 of its levels.
You also visited: Volcano.

You collected 585 gold pieces.

Inventory:

Hand Weapons
 a - a +0 short sword
 l - a +5 vampiric short sword
 y - the cursed +1 short sword "Eviscerator" (weapon) {elec, rElec rN+ Dex+9}
   (You found it on level 2 of the Lair of Beasts)

   Occasionally, upon striking a foe, it will discharge some electrical energy
   and cause terrible harm.
   It affects your dexterity (+9).
   It insulates you from electricity.
   It protects you from negative energy.
   It has a curse placed upon it.
 B - the +7 mace "Lifebane" {protect, rElec rN++ Dex-5 SInv}
   (You found it on level 10 of the Dungeon)

   It protects the one who uses it against injury (+AC on strike).
   It affects your dexterity (-5).
   It insulates you from electricity.
   It greatly protects you from negative energy.
   It lets you see invisible.
 D - a +2 scimitar of flaming
Missiles
 c - 24 javelins (quivered)
 C - 6 curare-tipped needles
Armour
 b - a +0 plate armour of fire resistance (worn)
 e - a +2 cloak (worn)
 m - a +2 helmet (worn)
 w - a +0 buckler
 x - a +0 shield (worn)
Jewellery
 g - a ring of protection from fire (left hand)
 N - a ring of wizardry (right hand)
Wands
 d - a wand of enslavement (2/24)
 z - a wand of iceblast (11/15)
 A - a wand of confusion (21/48)
 F - a wand of confusion (34/48)
 I - a wand of lightning (8/15)
 J - a wand of iceblast (3/15)
Scrolls
 j - a scroll of fear
 n - 4 scrolls of remove curse
 o - 2 scrolls of noise
 p - 4 scrolls of enchant armour
 q - 3 scrolls of teleportation
 r - 2 scrolls of amnesia
 s - a scroll of recharging
 G - a scroll of immolation
 O - a scroll of identify
Potions
 k - a potion of mutation
 t - 2 potions of brilliance
 u - a potion of invisibility
 E - a potion of degeneration
 H - a potion of haste
 M - a potion of curing {unknown}
Books
 K - the Guide on Unholy Boosts
   (You found it on level 10 of the Dungeon)

   Spells                             Type                      Level
   a - Infusion                       Charms                       1
   b - Sublimation of Blood           Necromancy                   2
   c - Excruciating Wounds            Charms/Necromancy            5
   d - Agony                          Necromancy                   5
   e - Death Channel                  Necromancy                   6
 L - a book of Beasts

   Spells                             Type                      Level
   a - Summon Butterflies             Summoning                    1
   b - Call Canine Familiar           Summoning                    3
   c - Summon Ice Beast               Ice/Summoning                4
   d - Summon Mana Viper              Hexes/Summoning              5
   e - Summon Hydra                   Summoning                    7
Comestibles
 f - 7 bread rations
 h - 9 royal jellies
 i - 19 fruits
 v - 7 meat rations


   Skills:
 - Level 7.1 Fighting
 + Level 9.4 Short Blades
 - Level 3.6 Throwing
 - Level 11.4 Armour
 - Level 1.5 Dodging
 - Level 1.2 Stealth
 - Level 7.9 Shields
 + Level 6.9 Invocations


You had 12 spell levels left.
You didn't know any spells.

Dungeon Overview and Level Annotations

Branches:
Dungeon (11/15)            Temple (1/1) D:4            Lair (4/6) D:9
  Snake (1/4) Lair:4          Orc (0/2) D:10
  Swamp: Lair:2-4    Shoals: Lair:2-4

Altars:
Ashenzari
Dithmenos
Elyvilon
Fedhas
Gozag
Hepliaklqana
Kikubaaqudgha
Makhleb
Nemelex Xobeh
Okawaru
Qazlal
Ru
Sif Muna
Trog
Uskayaw
Vehumet
Wu Jian
Xom
Yredelemnul
Zin
The Shining One

Shops:
D:5 =

Annotations:
D:11 kroki's ghost, journeyman MiGl


Innate Abilities, Weirdness & Mutations

You have razor-sharp teeth.
You heal very quickly.
When hurt, damage is shared between your health and your magic reserves.
Your bite disrupts and absorbs the magic of your enemies.
Potions cannot restore your health.
You are immune to rotting.
Your flesh is cold resistant. (rC+)
Your system is resistant to poisons. (rPois)
You are robust. (+10% HP)
Your movements are slightly less encumbered by armour. (ER -2)


Message History

You barely miss the shock serpent. Your bite misses the shock serpent.
The shock serpent is almost dead.
You block the shock serpent's attack.
The naga warrior hits you but does no damage.
Unknown command.
You puncture the shock serpent!
You kill the shock serpent!
Makhleb accepts your kill.
* * * LOW HITPOINT WARNING * * *
Unknown command.
You catch the helpless black mamba completely off-guard!
You impale the black mamba!! Your bite misses the black mamba.
The black mamba is severely wounded.
Unknown command.
You closely miss the black mamba. Your bite misses the black mamba.
The black mamba is severely wounded.
The black mamba bites you.
* * * LOW HITPOINT WARNING * * *
The naga warrior hits you from afar with a trident!
You die...

.$.
#.N##?.#
#>.....
###......
#.......
###.....
#.....N###
#....SS@#
#.....###
#.....#
#.?..N.#
###..S.#
#N...#
..##.( #.#
... #. ...


You could see a naga warrior, a shock serpent and a black mamba.

Vanquished Creatures
  A fire dragon (Volcano)
  A hydra (D:9)
  Erica (D:9)
  A two-headed ogre (Volcano)
  2 death yaks
  A shock serpent (Snake:1)
  Sonja (D:10)
  An unseen horror (D:10)
  The ghost of Bodrick the Slicer, a novice VSAs of Wu Jian (D:10)
  Pikel (D:6)
  An ugly thing (D:11)
  A manticore (D:9)
  3 salamanders (Volcano)
  A torpor snail (Lair:2)
  3 spiny frogs
  2 komodo dragons (Lair:1)
  6 polar bears
  2 dream sheep (D:9)
  2 hippogriffs
  18 yaks
  3 wyverns (Volcano)
  2 fire bats (Volcano)
  A hog (D:9)
  3 steam dragons (Volcano)
  A basilisk (Lair:4)
  A hungry ghost (D:9)
  4 wargs (D:10)
  2 nagas (Lair:4)
  3 water moccasins
  A soldier ant (D:10)
  2 porcupines
  4 orc warriors
  2 ice beasts
  An eye of draining (D:9)
  10 black bears
  2 phantoms
  5 ogres
  A sky beast (D:8)
  4 centaurs
  11 crocodiles
  5 big kobolds
  7 bullfrogs
  A wyvern zombie (D:9)
  2 scorpions
  5 killer bees (D:9)
  12 wights
  4 howler monkeys
  4 crimson imps
  A centaur zombie (D:6)
  2 bullfrog zombies
  A quasit (D:9)
  2 jellies
  5 orc priests
  A bullfrog skeleton (D:9)
  2 hounds
  4 orc wizards
  Crazy Yiuf (D:7)
  2 iguanas
  8 worker ants
  2 worker ant zombies
  Robin (D:2)
  6 gnolls
  10 adders
  4 shadow imps
  An adder skeleton (D:9)
  2 worms
  A leopard gecko (D:9)
  22 orcs
  5 bats
  14 goblins
  5 hobgoblins
  6 jackals
  3 quokkas
  A ball python skeleton (D:4)
  2 frilled lizards
  A jackal skeleton (D:5)
  12 kobolds
  A leopard gecko skeleton (D:6)
281 creatures vanquished.

Vanquished Creatures (collateral kills)
  A fire bat (Volcano)
  A plant (Volcano)
2 creatures vanquished.

Vanquished Creatures (others)
  2 wyverns (Volcano)
  12 plants (Volcano)
14 creatures vanquished.

Grand Total: 297 creatures vanquished

Notes
Turn   | Place    | Note
-------+----------+-------------------------------------------
     0 | D:1      | nono the Vine Stalker Hunter began the quest for the Orb.
     0 | D:1      | Reached XP level 1. HP: 11/11 MP: 2/2
    96 | D:2      | Reached skill level 1 in Short Blades
   107 | D:2      | Noticed Robin
   125 | D:2      | Reached XP level 2. HP: 14/15 MP: 3/3
   130 | D:2      | Killed Robin
   139 | D:2      | Reached XP level 3. HP: 11/18 MP: 4/4
   299 | D:3      | Gained mutation: Your natural rate of healing is unusually fast. [Vine Stalker growth]
   299 | D:3      | Reached XP level 4. HP: 15/23 MP: 3/5
   421 | D:5      | Entered Level 5 of the Dungeon
   498 | D:7      | Reached XP level 5. HP: 28/28 MP: 6/6
   582 | D:6      | Noticed an ice beast
   597 | D:6      | Killed an ice beast
   597 | D:6      | Reached XP level 6. HP: 12/33 MP: 2/7
   924 | D:5      | Reached XP level 7. HP: 23/38 MP: 3/8
  1042 | D:6      | Reached skill level 5 in Fighting
  1180 | D:6      | Reached skill level 5 in Short Blades
  1284 | D:6      | Noticed Pikel
  1326 | D:6      | Gained mutation: Your system is resistant to poisons. (rPois) [potion of mutation]
  1326 | D:6      | Gained mutation: Your movements are slightly less encumbered by armour. (ER -2) [potion of mutation]
  1326 | D:6      | Gained mutation: Your flesh is cold resistant. (rC+) [potion of mutation]
  1326 | D:6      | Gained mutation: You are robust. (+10% HP) [potion of mutation]
  1339 | D:6      | Killed Pikel
  1339 | D:6      | Gained mutation: You have razor-sharp teeth. [Vine Stalker growth]
  1339 | D:6      | Reached XP level 8. HP: 22/49 MP: 5/9
  1406 | D:5      | Found Erahis's Jewellery Boutique.
  1698 | D:7      | Found a runed door.
  1702 | D:7      | Noticed Crazy Yiuf
  1709 | D:7      | Killed Crazy Yiuf
  2410 | D:4      | Found a staircase to the Ecumenical Temple.
  2417 | Temple   | Entered the Ecumenical Temple
  2498 | Temple   | Became a worshipper of Makhleb the Destroyer
  2627 | D:7      | Reached skill level 1 in Armour
  2627 | D:7      | Reached skill level 1 in Shields
  2664 | D:8      | Reached XP level 9. HP: 55/55 MP: 10/10
  2692 | D:8      | Reached skill level 2 in Armour
  2793 | D:9      | Found a shattered altar of Ashenzari.
  2852 | D:9      | Reached skill level 3 in Armour
  2905 | D:9      | Noticed Erica
  2939 | D:9      | Killed Erica
  2939 | D:9      | Reached skill level 4 in Armour
  2939 | D:9      | Reached skill level 5 in Shields
  3039 | D:9      | Reached skill level 5 in Armour
  3039 | D:9      | Reached XP level 10. HP: 60/60 MP: 11/11
  3044 | D:9      | Reached * piety under Makhleb
  3083 | D:9      | Noticed a three-headed hydra
  3093 | D:9      | Killed a three-headed hydra
  3093 | D:9      | Reached skill level 6 in Armour
  3357 | D:8      | Found a deep blue altar of Sif Muna.
  3368 | D:8      | Found an ornate altar of the Wu Jian Council.
  3368 | D:8      | Found a shimmering altar of Xom.
  3391 | D:8      | Found a stormy altar of Qazlal.
  3499 | D:9      | Found a huge runed gate.
  3503 | D:9      | Found a huge runed gate.
  3503 | D:9      | Found a huge runed gate.
  3503 | D:9      | Found a huge runed gate.
  3503 | D:9      | Noticed a death yak
  3503 | D:9      | Noticed a manticore
  3587 | D:9      | Killed a death yak
  3601 | D:9      | Reached skill level 7 in Armour
  3637 | D:9      | Reached XP level 11. HP: 63/63 MP: 12/12
  3664 | D:9      | Killed a manticore
  3664 | D:9      | Reached skill level 8 in Armour
  3701 | D:9      | Reached ** piety under Makhleb
  3844 | D:9      | Reached skill level 9 in Armour
  3933 | D:10     | Entered Level 10 of the Dungeon
  4141 | D:10     | Got a crystal mace
  4199 | D:10     | Noticed Sonja
  4210 | D:10     | Reached *** piety under Makhleb
  4225 | D:10     | Killed Sonja
  4225 | D:10     | Reached skill level 10 in Armour
  4249 | D:10     | Noticed a death yak
  4296 | D:10     | Killed a death yak
  4319 | D:10     | Noticed Bodrick's ghost (novice VSAs)
  4332 | D:10     | Killed Bodrick's ghost
  4396 | D:10     | Killed an unseen horror
  4725 | D:11     | Gained mutation: You heal very quickly. [Vine Stalker growth]
  4725 | D:11     | Reached XP level 12. HP: 69/69 MP: 13/13
  5034 | D:11     | Reached skill level 11 in Armour
  5037 | D:11     | Noticed kroki's ghost (journeyman MiGl)
  5182 | D:10     | Identified the +7 mace "Lifebane" {protect, rElec rN++ Dex-5 SInv} (You found it on level 10 of the Dungeon)
  5226 | D:10     | Found a staircase to the Orcish Mines.
  5316 | D:10     | Identified the Guide on Unholy Boosts
  5459 | D:8      | Reached **** piety under Makhleb
  5721 | D:9      | Found a staircase to the Lair.
  5726 | Lair:1   | Entered Level 1 of the Lair of Beasts
  5738 | Lair:1   | Reached skill level 1 in Invocations
  6080 | Lair:2   | Got a faintly glowing short sword
  6084 | Lair:2   | Identified the cursed +1 short sword "Eviscerator" {elec, rElec rN+ Dex+9} (You found it on level 2 of the Lair of Beasts)
  6101 | Lair:2   | Found a dark tunnel.
  6107 | Volcano  | Entered a volcano
  6210 | Volcano  | Reached skill level 5 in Invocations
  6256 | Volcano  | Noticed a two-headed ogre
  6288 | Volcano  | Killed a two-headed ogre
  6357 | Volcano  | Noticed a fire dragon
  6372 | Volcano  | Killed a fire dragon
  6504 | Lair:4   | Reached XP level 13. HP: 73/73 MP: 18/18
  6581 | Lair:4   | Found a staircase to the Snake Pit.
  6648 | Snake:1  | Entered Level 1 of the Snake Pit
  6671 | Snake:1  | HP: 3/73 [something (3)]
  6673 | Snake:1  | HP: 1/73 [black mamba (3)]
  6673 | Snake:1  | Mangled by a naga warrior

Vault maps used:
D:1:      dpeg_arrival_tiny_g, supply_closet_lemuel, roderic_lattice_a,
          minmay_split_cup_large
D:2:      minmay_cut_off, uniq_robin
D:4:      lemuel_coloured_pillars_altar, minmay_temple_entry_enclosed_plants
D:5:      corexii_shack_village, serial_shops, nicolae_shop_trees, first_bread
D:6:      uniq_pikel
D:7:      uniq_crazy_yiuf_cottage
D:8:      minitemple
D:9:      lemuel_bear_cage, cheibrodos_ashenzari_chains, lair_entry_dummy,
          hangedman_ranch, uniq_erica
D:10:     minmay_orc_entry_guard_dogs, uniq_sonja
D:11:     uniq_maurice
Temple:   eino_temple_rhombus
Lair:1:   grunt_megastairs_5, serial_bayou_shore_a, infiniplex_staircase_pool
Lair:2:   minmay_swamp_entry_wisps, enter_volcano_2
Lair:3:   beast_lair_carwin_1
Lair:4:   regret_index_tunnel_blossom, guppyfry_snake_entry_garden,
          beast_lair_carwin_5, infiniplex_staircase_pool_2
Volcano:  pf_volcano_lost_world

Skill      XL: |  1  2  3  4  5  6  7  8  9 10 11 12 |
---------------+-------------------------------------+-----
Short Blades   | 1 2 3 4 6 9 |  9.4
Fighting       | 2 3 4 6 7 |  7.1
Armour         | 1 5 7 10 11 | 11.4
Shields        | 1 5 7 |  7.9
Invocations    | 6 |  6.9
Throwing       | |  3.6
Dodging        | |  1.5
Stealth        | |  1.2

Action                   |  1- 3 |  4- 6 |  7- 9 | 10-12 | 13-15 || total
-------------------------+-------+-------+-------+-------+-------++-------
Melee: Short sword       |    56 |   103 |   304 |  1094 |    34 ||  1591
       Bite              |     9 |    30 |   112 |   456 |    22 ||   629
Throw: Throwing net      |     2 |     1 |     1 |       |       ||     4
       Javelin           |     9 |       |     1 |       |       ||    10
Invok: Lesser Servant of |       |       |       |     2 |       ||     2
Evoke: Wand              |       |       |       |     4 |       ||     4
  Use: Potion            |       |       |     1 |     1 |     2 ||     4
       Scroll            |       |       |     4 |    10 |     2 ||    16
 Stab: Sleeping          |     1 |     2 |     3 |       |       ||     6
       Held in net/web   |     1 |       |     2 |       |       ||     3
       Invisible         |       |       |       |       |     1 ||     1
  Eat: Meat ration       |       |     1 |       |       |       ||     1
       Chunk             |       |       |     4 |    13 |       ||    17
       Fruit             |       |       |     3 |     1 |       ||     4
Armor: Leather armour    |    29 |    36 |    42 |       |       ||   107
       Plate armour      |       |       |    78 |   579 |    10 ||   667
Dodge: Dodged            |    52 |    46 |    98 |   300 |     3 ||   499
Block: Buckler           |       |       |    25 |   244 |       ||   269
       Shield            |       |       |       |       |    16 ||    16
